 Dungeon Crawl Stone Soup version 0.28-a0-1389-gc726bef33b (webtiles) character file.

Game seed: 2209986856736100552

9 gruber the Caller (level 2, 0/15 HPs)
             Began as a Tengu Summoner on Jan 3, 2022.
             Slain by a quokka (4 damage)
             ... on level 1 of the Dungeon.
             The game lasted 00:00:32 (544 turns).

gruber the Caller (Tengu Summoner)                   Turns: 544, Time: 00:00:32

Health: 0/15       AC:  2    Str:  8    XL:     2   Next: 12%
Magic:  2/6        EV: 12    Int: 15    God:
Gold:   0          SH:  0    Dex: 14    Spells: 4/5 levels left

rFire   . . .      SeeInvis .   (no weapon)
rCold   . . .      Faith    .   (no shield)
rNeg    . . .      Spirit   .   a - +0 robe
rPois   .          Reflect  .   (helmet restricted)
rElec   .          Harm     .   (no cloak)
rCorr   .          Rampage  .   (no gloves)
Will    .....                   (boots unavailable)
Stlth   ++........              (no amulet)
HPRegen 0.05/turn               (no ring)
MPRegen 0.10/turn               (no ring)

@: no status effects
A: beak, talons 3
a: no special abilities


You were on level 1 of the Dungeon.
You visited 1 branch of the dungeon, and saw 1 of its levels.

Inventory:

Armour
 a - a +0 robe (worn)


   Skills:
 - Level 2.1 Dodging
 - Level 2.0 Stealth
 + Level 2.1 Spellcasting
 + Level 5.3 Summonings


You had 4 spell levels left.
You knew the following spells:

 Your Spells              Type           Power      Damage    Failure   Level
a - Summon Small Mammal   Summ           68%        N/A       2%          1

Your spell library contained the following spells:

 Spells                   Type           Power      Damage    Failure   Level
 Call Imp                 Summ           17%        N/A       3%          2
 Call Canine Familiar     Summ           17%        N/A       8%          3
 Summon Guardian Golem    Hex/Summ       9%         N/A       22%         3
 Summon Lightning Spire   Summ/Air       9%         N/A       58%         4


Dungeon Overview and Level Annotations

Branches:
Dungeon (1/15)

Altars:


Innate Abilities, Weirdness & Mutations

You have a beak for a mouth.
You have claws for feet.


Message History

Your rat disappears in a puff of smoke!
The helpless quokka fails to defend itself.
You hit the quokka but do no damage. The quokka bites you.
You hit the quokka but do no damage. You claw the quokka, but do no damage.
The quokka barely misses you. The quokka bites you.
You closely miss the quokka. Your kick misses the quokka. The quokka bites you.
* * * LOW HITPOINT WARNING * * *
You are too injured to fight recklessly!
You swap places.
Your bat completely misses the quokka.
Your bat closely misses the quokka.
The quokka bites your bat.
Your bat dies!
Your bat's corpse disappears in a puff of smoke!
Your bat hits the quokka. Your bat hits the quokka.
Your bat hits the quokka but does no damage.
You are too injured to fight recklessly!
Casting: Summon Small Mammal (safe; 2% risk of failure)
Confirm with . or Enter, or press ? or * to list all spells.
Your bat misses the quokka. The quokka closely misses you.
Unknown command.
Unknown command.
Unknown command.
Casting: Summon Small Mammal (safe; 2% risk of failure)
Confirm with . or Enter, or press ? or * to list all spells.
Your bat disappears in a puff of smoke!
The quokka closely misses you.
Unknown command.
Unknown command.
You are too injured to fight recklessly!
You are too injured to fight recklessly!
You are too injured to fight recklessly!
Unknown command.
You hit the quokka. You peck the quokka, but do no damage.
The quokka is heavily wounded.
The quokka barely misses you.
Your quokka bites the quokka.
Your quokka bites the quokka but does no damage.
You barely miss the quokka.
The quokka is almost dead.
The quokka bites you.
You die...

######### #.......#
##### #.#####.#
####...###r# #.#
.(......##r#####.####
#.......@r.†......#
#.....##§#.###.##.#
#.....##..#.##.##.#
##...###.###...##.#
##.###.## ##..##.# #.
#.# ##.###.#.##.# ..#
#.# ##.#.##.##.# #.#
##'## ##........# #.#
##...## #####.####


You could see a quokka (ally target) and 2 friendly quokkas.

Vanquished Creatures
  A ball python (D:1)
1 creature vanquished.

Vanquished Creatures (collateral kills)
  An endoplasm (D:1)
  A giant cockroach (D:1)
  3 hobgoblins (D:1)
  A frilled lizard (D:1)
  A rat (D:1)
7 creatures vanquished.

Grand Total: 8 creatures vanquished

Notes
Turn   | Place    | Note
-------+----------+-------------------------------------------
     0 | D:1      | gruber the Tengu Summoner began the quest for the Orb.
     0 | D:1      | Reached XP level 1. HP: 10/10 MP: 4/4
    82 | D:1      | Reached skill level 5 in Summonings
   384 | D:1      | Reached XP level 2. HP: 15/15 MP: 3/6
   544 | D:1      | Slain by a quokka

Illustrated notes

Levels and vault maps discovered:
D:1:      minmay_arrival_solitary_statue, layout_loops_corners,
          ebering_ecumenical_altar_hall

Skill      XL: |  1 |
---------------+----+-----
Summonings     | 5 |  5.3
Dodging        | |  2.1
Stealth        | |  2.0
Spellcasting   | |  2.1

Action                   || total
-------------------------++-------
Melee: Unarmed           ||    18
       Peck              ||     5
       Kick              ||     4
 Cast: Summon Small Mamm ||    16
 Stab: Sleeping          ||     1
Armor: Robe              ||     1
Dodge: Dodged            ||    12

Table legend: (Time is in decaauts)
 A = Elapsed time spent in this place.
 B = Non-inter-level travel time spent in this place.
 C = Inter-level travel time spent in this place.
 D = Time resting spent in this place.
 E = Time spent auto-exploring this place.
 F = Levels seen in this place.
 G = Mean time per level.
                   A        B        C        D        E       F      G
               +--------+--------+--------+--------+--------+-----+--------+
         Total |    544 |    544 |      0 |      0 |    457 |   1 |  544.0 |
       Dungeon |    544 |    544 |      0 |      0 |    457 |   1 |  544.0 |
               +--------+--------+--------+--------+--------+-----+--------+

Top non-repeatable levels by time:
     D:1: 544 daAuts
